 Dungeon Crawl Stone Soup version 0.31-a0-1540-g5a0b83f448 (webtiles) character file.

Game seed: 2858876245776579140

710 voltaire321 the Apothecary (level 7, 0/51 HPs)
             Began as a Demonspawn Alchemist on Jan 1, 2024.
             Was an Initiate of Wu Jian.
             Slain by an ice beast (9 damage)
             ... on level 5 of the Dungeon.
             The game lasted 00:12:00 (4253 turns).

voltaire321 the Apothecary (Demonspawn Alchemist)   Turns: 4253, Time: 00:12:01

Health: 0/51       AC: 10    Str: 10    XL:     7   Next: 40%
Magic:  12/12      EV: 16    Int: 21    God:    Wu Jian [......]
Gold:   197        SH:  0    Dex: 14    Spells: 5/12 levels left

rFire   . . .        x - +7 falchion "Ozusuaq" {venom, rN+}
rCold   . . .        (no shield)
rNeg    + . .        n - +0 ring mail
rPois   .            g - +0 helmet
rElec   .            (no cloak)
rCorr   .            (no gloves)
SInv    .            (no boots)
Will    .....        (no amulet)
Stlth   +            e - +6 ring of intelligence
HPRegen 0.28/turn    h - +4 ring of protection
MPRegen 0.13/turn

%: no passive effects
@: agile, weakened
A: powered by pain 1, spiny 1
a: Renounce Religion


You were on level 5 of the Dungeon.
You worshipped Wu Jian.
Wu Jian was noncommittal.
You visited 2 branches of the dungeon, and saw 6 of its levels.

You collected 197 gold pieces.

Inventory:

Hand Weapons
 c - a +3 long sword of flaming
 p - a +1 flail of protection
 x - the +7 falchion "Ozusuaq" (weapon) {venom, rN+}
   (You found it on level 5 of the Dungeon)

   rN+:       It protects you from negative energy.
Armour
 g - a +0 helmet (worn)
 n - a +0 ring mail (worn)
Jewellery
 e - a +6 ring of intelligence (left hand)
 h - a +4 ring of protection (right hand)
Wands
 t - a wand of digging (4)
 z - a wand of mindburst (14)
Scrolls
 f - a scroll of torment {unknown}
 j - a scroll of blinking {unknown}
 k - 4 scrolls of teleportation {unknown}
 l - 3 scrolls of fear {unknown}
 q - a scroll of poison {unknown}
 r - a scroll of brand weapon {unknown}
 s - a scroll of revelation {unknown}
 u - a scroll of enchant armour {unknown}
 v - a scroll of immolation {unknown}
 y - a scroll of enchant weapon {unknown}
Potions
 a - 3 potions of heal wounds
 b - a potion of magic
 i - a potion of curing
 m - 2 potions of lignification
 o - a potion of haste
 w - a potion of brilliance


   Skills:
 + Level 2.8 Fighting
 + Level 2.0 Long Blades
 + Level 2.4 Armour
 + Level 3.3 Dodging
 - Level 1.7 Stealth
 + Level 3.4 Spellcasting
 + Level 3.2 Conjurations
 + Level 4.3 Alchemy


You had 5 spell levels left.
You knew the following spells:

 Your Spells              Type           Power      Damage    Failure   Level
a - Sting                 Conj/Alch      76%        1d7       7%          1
b - Mercury Vapours       Alch/Air       24%        N/A       19%         2
c - Olgreb's Toxic Radia  Alch           21%        N/A       45%         4

Your spell library contained the following spells:

 Spells                   Type           Power      Damage    Failure   Level
 Cigotuvi's Dreadful Rot  Necr/Alch/Air  18%        N/A       26%         2
 Mephitic Cloud           Conj/Alch/Air  14%        N/A       32%         3
 Sticky Flame             Fire/Alch      12%        2d5       77%         4
 Dispel Undead            Necr           3%         3d7       97%         4
 Martyr's Knell           Necr/Summ      3%         N/A       97%         4
 Death Channel            Necr           1%         N/A       100%        6


Dungeon Overview and Level Annotations

Branches:
Dungeon (5/15)             Temple (1/1) D:5

Altars:
Ashenzari
Cheibriados
Fedhas
Gozag
Kikubaaqudgha
Makhleb
Nemelex Xobeh
Okawaru
Qazlal
Ru
Sif Muna
Trog
Uskayaw
Wu Jian
Xom
Yredelemnul

Annotations:
D:3 3 runed translucent doors, voltaire321's ghost, amateur DsAl
Temple 2 transporters


Innate Abilities, Weirdness & Mutations

You sometimes gain a little power by taking damage.
You are partially covered in sharp spines.


Message History

You focus on the pain.
You feel agile all of a sudden.
You barely miss the gnoll.
The gnoll is lightly wounded.
The gnoll barely misses you. The gnoll closely misses you.
The gnoll misses you.
The ice beast attacks as it pursues you!
The ice beast is struck by your spines. The ice beast barely misses you.
The gnoll hits you but does no damage. The gnoll closely misses you.
Your magical contamination has completely faded away.
The ice beast attacks as it pursues you!
The ice beast hits you but does no damage.
The gnoll closely misses you.
The gnoll bouda calls upon its god to heal the gnoll.
The gnoll's wounds heal themselves!
The ice beast attacks as it pursues you!
The ice beast barely misses you.
The gnoll bouda gazes fiercely through you!
You feel your attacks grow feeble.
The ice beast attacks as it pursues you!
The ice beast is struck by your spines. The ice beast barely misses you.
The gnoll attacks as it pursues you! The gnoll misses you.
The gnoll bouda gazes fiercely through you!
You feel as though you will be weak longer.
The ice beast attacks as it pursues you!
The ice beast hits you but does no damage.
The gnoll hits you from afar with a +0 halberd!
* * * LOW HITPOINT WARNING * * *
The ice beast attacks as it pursues you!
The ice beast is struck by your spines. The ice beast closely misses you.
The ice beast attacks as it pursues you!
The ice beast is struck by your spines. The ice beast misses you.
The gnoll attacks as it pursues you!
The gnoll hits you from afar with a +0 spear.
* * * LOW HITPOINT WARNING * * *
The ice beast attacks as it pursues you!
The ice beast hits you.
* * * LOW HITPOINT WARNING * * *
The ice beast freezes you!
You die...

... .# ..)# ..## .##.#.#
.....# ..# ....... .....#
#.####...#.#s##......
#.##...###.#........##
#....###...##........#
####..#........#..)..#..#
#.......##†.>..##.......
##....#..#(.....@.#..#
##...#..##...###Y..###
###.....#.###g......#
#g##..#.#..g#####.#
#Y#......g.## .#
#.#.##.#....## .
#...##..).#..#
#.######.###....# ### #.#
####.....


You could see an ice beast.

Vanquished Creatures
  Edmund (D:4)
  An ogre (D:4)
  A scorpion (D:5)
  A hound (D:4)
  2 bombardier beetles (D:4)
  Terence (D:2)
  2 iguanas (D:4)
  Ijyb (Temple)
  4 orc wizards (D:4)
  3 gnolls (D:5)
  4 adders
  A dart slug (D:2)
  3 ribbon worms
  5 orcs (D:4)
  7 endoplasms
  5 giant cockroaches
  10 goblins
  6 hobgoblins
  4 jackals (D:3)
  6 kobolds
  4 quokkas
  3 ball pythons
  10 bats
  4 frilled lizards
  7 rats
96 creatures vanquished.

Notes
Turn   | Place    | Note
-------+----------+-------------------------------------------
     0 | D:1      | voltaire321 the Demonspawn Alchemist began the quest for
                  | the Orb.
     0 | D:1      | Reached XP level 1. HP: 13/13 MP: 3/3
   367 | D:1      | Gained mutation: You sometimes gain a little power by
                  | taking damage. [demonic ancestry]
   367 | D:1      | Reached XP level 2. HP: 20/20 MP: 3/5
   906 | D:1      | Reached XP level 3. HP: 25/25 MP: 4/6
  1094 | D:1      | Learned a level 2 spell: Mercury Vapours
  1303 | D:2      | Reached skill level 1 in Fighting
  1543 | D:2      | Noticed Terence
  1567 | D:2      | Killed Terence
  1568 | D:2      | Reached skill level 1 in Armour
  1568 | D:2      | Gained mutation: You are partially covered in sharp spines.
                  | [demonic ancestry]
  1568 | D:2      | Reached XP level 4. HP: 5/32 MP: 0/7
  2206 | D:3      | Learned a level 4 spell: Olgreb's Toxic Radiance
  2471 | D:3      | Found a runed translucent gate.
  2472 | D:3      | Found a runed translucent gate.
  2473 | D:3      | Found a runed translucent gate.
  2473 | D:3      | Noticed voltaire321's ghost (amateur DsAl)
  2474 | D:3      | Noticed a kobold brigand
  2545 | D:3      | You fall into a shaft and drop 1 floor!
  2568 | D:4      | Found a snail-covered altar of Cheibriados.
  2740 | D:4      | Reached XP level 5. HP: 37/37 MP: 6/8
  2757 | D:4      | Noticed Edmund
  2768 | D:4      | Killed Edmund
  2892 | D:4      | Reached XP level 6. HP: 44/44 MP: 5/10
  2899 | D:4      | Reached skill level 1 in Long Blades
  3107 | D:4      | Reached skill level 4 in Alchemy
  3468 | D:4      | Reached XP level 7. HP: 39/51 MP: 7/11
  4105 | D:5      | Entered Level 5 of the Dungeon
  4108 | D:5      | Found a burning altar of Makhleb.
  4110 | D:5      | Identified the +7 falchion "Ozusuaq" {venom, rN+}
  4110 | D:5      | Noticed a blizzard demon
  4127 | D:5      | Found a staircase to the Ecumenical Temple.
  4136 | D:5      | Noticed Ijyb
  4151 | Temple   | Found a transporter.
  4151 | Temple   | Found a transporter.
  4151 | Temple   | Found a transporter.
  4151 | Temple   | Found a transporter.
  4151 | Temple   | Entered the Ecumenical Temple
  4152 | Temple   | Killed Ijyb
  4199 | Temple   | Became a worshipper of the Wu Jian Council
  4253 | D:5      | Slain by an ice beast

Illustrated notes

Levels and vault maps discovered:
D:1:      kennysheep_arrival_forest, layout_loops_ring
D:2:      layout_basic, serial_rivers, chequers_serial_rivers_marsh,
          chequers_serial_rivers_micro_b, chequers_serial_rivers_marsh,
          chequers_serial_rivers_room_b, st_stairs_1, uniq_terence
D:3:      layout_rooms, mainiacjoe_overflow_boulevard,
          gammafunk_ghost_nasty_kobolds, uniq_jessica
D:4:      layout_loops_corners, cheibrodos_worm_habitat,
          chequers_serial_rivers_small_3, uniq_edmund
D:5:      layout_rooms, makhleb_altar_promises_db, minmay_temple_entry_slanted,
          uniq_ijyb
Temple:   hellmonk_temple_divided_pantheon

Skill      XL: |  1  2  3  4  5  6  7 |
---------------+----------------------+-----
Dodging        | 2 3 |  3.3
Fighting       | 1 2 |  2.8
Armour         | 1 2 |  2.4
Conjurations   | 2 3 |  3.2
Long Blades    | 1 2 |  2.0
Spellcasting   | 3 |  3.4
Alchemy        | 4 |  4.3
Stealth        | |  1.7

Action                     |  1- 3 |  4- 6 |  7- 9 || total
---------------------------+-------+-------+-------++-------
  Melee: Dagger            |     4 |       |       ||     4
         Short sword       |    28 |       |       ||    28
         Flail             |       |    20 |       ||    20
         Long sword        |       |    43 |     4 ||    47
         Falchion          |       |       |     7 ||     7
   Cast: Sting             |    60 |    60 |    14 ||   134
         Mercury Vapours   |       |     1 |       ||     1
Ability: Lunge             |       |       |     1 ||     1
    Use: Scroll            |       |     5 |     1 ||     6
   Stab: Sleeping          |       |     1 |       ||     1
 Armour: Robe              |     7 |       |       ||     7
         Ring mail         |    14 |    30 |    22 ||    66
  Dodge: Dodged            |    24 |    33 |    28 ||    85

Table legend: (Time is in decaauts)
 A = Elapsed time spent in this place.
 B = Non-inter-level travel time spent in this place.
 C = Inter-level travel time spent in this place.
 D = Time resting spent in this place.
 E = Time spent auto-exploring this place.
 F = Levels seen in this place.
 G = Mean time per level.
                   A        B        C        D        E       F      G
               +--------+--------+--------+--------+--------+-----+--------+
         Total |   4300 |   4216 |     84 |    634 |   2663 |   6 |  716.7 |
       Dungeon |   4233 |   4149 |     84 |    601 |   2663 |   5 |  846.6 |
        Temple |     67 |     67 |      0 |     33 |      0 |   1 |   67.0 |
               +--------+--------+--------+--------+--------+-----+--------+

Top non-repeatable levels by time:
     D:4: 1593 daAuts
     D:1: 1108 daAuts
     D:2: 922 daAuts
     D:3: 526 daAuts
     D:5: 81 daAuts
  Temple: 67 daAuts
